 Dungeon Crawl Stone Soup version 0.19.0-2-gae57169 (webtiles) character file.

457 Querens the Shield-Bearer (level 7, -1/44 HPs)
             Began as a Gargoyle Fighter on Nov 2, 2016.
             Slain by a worm (13 damage)
             ... on level 3 of the Dungeon.
             The game lasted 00:10:30 (2216 turns).

Querens the Shield-Bearer (Gargoyle Fighter)        Turns: 2216, Time: 00:10:30

Health: -1/44      AC: 14    Str: 21    XL:     7   Next: 6%
Magic:  7/7        EV:  7    Int:  9    God:
Gold:   83         SH:  9    Dex:  9    Spells: 0 memorised, 6 levels left

rFire  . . .     SeeInvis .     r - +0 mace
rCold  . . .     Gourm    .     b - +0 scale mail
rNeg   + . .     Faith    .     i - +0 shield
rPois  ∞         Spirit   .     h - +0 helmet
rElec  +         Reflect  .     (no cloak)
rCorr  .         Harm     .     (no gloves)
MR     .....                    t - +0 pair of boots
Stlth  ..........               (no amulet)
                                (no ring)
                                (no ring)

@: no status effects
A: negative energy resistance 1, electricity resistance, unbreathing,
petrification resistance, rot immunity, AC +4
a: no special abilities


You were on level 3 of the Dungeon.
You were very hungry.

You visited 1 branch of the dungeon, and saw 3 of its levels.

You collected 83 gold pieces.

Inventory:

Hand Weapons
 a - a +0 flail
 j - a +1 vampiric hand axe
 q - a +0 short sword of holy wrath
 r - a +0 mace (weapon)
Armour
 b - a +0 scale mail (worn)
 c - a +0 shield
 h - a +0 helmet (worn)
 i - a +0 shield (worn)
 t - a +0 pair of boots (worn)
Wands
 d - a wand of flame (15/48)
Scrolls
 l - 2 scrolls of remove curse
 n - a scroll of magic mapping
 o - a scroll of enchant weapon {unknown}
 s - 2 scrolls of enchant armour {unknown}
Potions
 g - a potion of agility
 k - a potion of invisibility
 m - a potion of magic
Comestibles
 f - a bread ration
 p - a meat ration


   Skills:
 + Level 4.4 Fighting
 + Level 4.8 Maces & Flails
 + Level 4.8 Armour
 + Level 5.1 Shields


You had 6 spell levels left.
You didn't know any spells.

Dungeon Overview and Level Annotations

Branches:
Dungeon (3/15)

Altars:
Dithmenos
Elyvilon
Makhleb
Trog


Innate Abilities, Weirdness & Mutations

You are resistant to torment.
Your stone body is resilient. (AC +4)
You are immune to poison.
You resist negative energy. (rN+)
You are resistant to electric shocks. (rElec)
You can survive without breathing.
You are immune to petrification.
You are immune to rotting.


Message History

You hit the worm.
The worm is lightly wounded.
The rat bites you. You block the rat's attack. The worm bites you. x2
You sock the worm!
The worm is heavily wounded.
The rat bites you. The worm bites you. The rat bites you but does no damage.
The worm bites you!
You hit the worm but do no damage.
The worm is heavily wounded.
You block the rat's attack. The worm bites you but does no damage.
The worm closely misses you. The rat barely misses you.
You hit the worm.
The worm is heavily wounded.
You block the rat's attack. The worm bites you!
* * * LOW HITPOINT WARNING * * *
You block the worm's attack. You block the rat's attack.
The rat closely misses you. The rat bites you but does no damage.
The worm bites you!
You die...

.##.#.....###..)..).###.#.#.#.##.
.#.#.#.#.###.).._..).###.#.#.##..
.##.#.#.#.##.........##.#.#.#.#..
.#.#.#.#.##....###....##.#.#.##..
###.#.#.#.#...##y##†..#.#.#.#.#..
#.#.#.#.##....###....##.#.#.#...
###.#.#.#.#......w....#.#>#.#...#
.......#.###.....rw..###.#.#.##.#
......#.#.###...@w..###.#.#.#..†.
.......#.#.#####.#####.#.#.#.#.##
......#.#.#...##.##.#.#.#.#.#...÷
.......#.#.#.#.#.#.#.#.#.#.#.#)#.
......#.#.#.#.#.#.#.#.#.#.#.#..#.
......'#.#.#.#.#.#.#.#.#.#.#.#...
......#.#.#.#.#.#.#.#.#.#.#.#.#..
......##############.##.##.##....
####### #.#.....####..


You could see a moth of wrath, 3 worms and a rat (berserk).

Vanquished Creatures
  Grinder (D:3)
  A hound (D:2)
  An orc priest (D:3)
  An orc wizard (D:3)
  Terence (D:2)
  Ijyb (D:2)
  Robin (D:2)
  A gnoll (D:1)
  3 adders
  2 oozes
  A worm (D:2)
  A dart slug (D:2)
  A leopard gecko (D:1)
  An orc (D:3)
  5 bats
  A giant cockroach (D:1)
  14 goblins
  10 hobgoblins
  7 kobolds
  2 frilled lizards
  3 rats
59 creatures vanquished.

Notes
Turn   | Place    | Note
-------+----------+-------------------------------------------
     0 | D:1      | Querens the Gargoyle Fighter began the quest for the Orb.
     0 | D:1      | Reached XP level 1. HP: 14/14 MP: 1/1
   175 | D:1      | Reached XP level 2. HP: 19/19 MP: 2/2
   617 | D:1      | Reached XP level 3. HP: 23/23 MP: 3/3
   899 | D:2      | Found a burning altar of Makhleb.
   915 | D:2      | Reached XP level 4. HP: 22/29 MP: 4/4
   979 | D:2      | Reached skill level 4 in Shields
  1119 | D:2      | Noticed Ijyb
  1123 | D:2      | Noticed Robin
  1146 | D:2      | Killed Ijyb
  1169 | D:2      | Reached XP level 5. HP: 17/33 MP: 5/5
  1178 | D:2      | Killed Robin
  1193 | D:2      | Found a shadowy altar of Dithmenos.
  1230 | D:2      | Found a faded altar of an unknown god.
  1426 | D:2      | Noticed Terence
  1447 | D:2      | Killed Terence
  1630 | D:3      | Found a white marble altar of Elyvilon.
  1867 | D:3      | Noticed Grinder
  1879 | D:3      | Paralysed by Grinder for 6 turns
  1915 | D:3      | Killed Grinder
  1915 | D:3      | Reached skill level 5 in Shields
  1915 | D:3      | Reached XP level 6. HP: 5/38 MP: 6/6
  2039 | D:3      | Reached XP level 7. HP: 21/44 MP: 7/7
  2193 | D:3      | Noticed a moth of wrath
  2196 | D:3      | Found a bloodstained altar of Trog.
  2216 | D:3      | Slain by a worm

Skill      XL: |  1  2  3  4  5 |
---------------+----------------+-----
Maces & Flails | 3 4 |  4.8
Shields        | 4 5 |  5.1
Armour         | 4 |  4.8
Fighting       | 4 |  4.4

Action                   |  1- 3 |  4- 6 |  7- 9 || total
-------------------------+-------+-------+-------++-------
Melee: Flail             |    78 |   131 |       ||   209
       Mace              |       |    71 |    31 ||   102
  Use: Potion            |       |     6 |       ||     6
       Scroll            |       |     3 |       ||     3
  Eat: Chunk             |       |     4 |       ||     4
Armor: Scale mail        |    45 |   126 |    18 ||   189
Dodge: Dodged            |    31 |    59 |    21 ||   111
Block: Shield            |    34 |   113 |    29 ||   176
